Map: [ESL] Alcyone

Players

Harstem

  • Race: Protoss Protoss
  • Spawn Location: 7:00

HeroMarine - Winner!

  • Race: Terran Terran
  • Spawn Location: 1:00

Event: ESL SC2 Masters 2023 Winter (Finals)

VOD

Have the link to the VOD?

Description

Time

  • Played on: Dec. 15, 2023, 4:48 p.m.
  • Length: 12:39

All games in this series

Show
View Real Time Build Order
Export as new Build Order

Harstem Protoss 

Build Orders: 1 Gate Expand, Oracle Opening, Phoenix Opening, Colossus Rush 

Get SALT Encoding   

  12  0:00  Probe  
  13  0:12  Probe  
  14  0:17  Pylon  
  14  0:24  Probe (Chrono Boost)  
  15  0:36  Gateway, Probe (Chrono Boost)  
  16  0:44  Probe (Chrono Boost)  
  16  0:47  Assimilator  
  17  0:51  Probe  
  18  1:03  Probe  
  19  1:19  Nexus  
  19  1:29  Cybernetics Core  
  19  1:32  Probe  
  20  1:40  Assimilator  
  20  1:44  Probe  
  21  1:49  Pylon  
  21  1:56  Probe  
  22  2:04  Adept (Chrono Boost)  
  25  2:08  Probe  
  25  2:20  Probe  
  26  2:24  Stargate  
  26  2:29  Adept  
  28  2:32  Probe x2  
  30  2:44  Probe (Chrono Boost), Warp Gate  
  30  2:45  Probe (Chrono Boost)  
  32  2:56  Probe (Chrono Boost)  
  32  2:57  Probe (Chrono Boost)  
  34  3:03  Probe (Chrono Boost)  
  34  3:04  Probe (Chrono Boost)  
  36  3:07  Pylon  
  36  3:09  Oracle (Chrono Boost)  
  36  3:10  Probe  
  36  3:11  Probe  
  40  3:22  Probe  
  40  3:23  Probe  
  42  3:33  Nexus  
  42  3:36  Robotics Facility  
  42  3:38  Probe (Chrono Boost)  
  44  3:41  Probe (Chrono Boost)  
  44  3:50  Pylon, Probe (Chrono Boost)  
  44  3:55  Probe (Chrono Boost), Phoenix  
  48  3:56  Probe (Chrono Boost)  
  49  4:03  Probe  
  49  4:05  Probe  
  51  4:10  Assimilator  
  51  4:15  Gateway, Probe  
  52  4:17  Probe  
  52  4:20  Immortal (Chrono Boost)  
  57  4:25  Shield Battery  
  57  4:27  Probe  
  57  4:29  Probe, Pylon  
  59  4:32  Sentry  
  59  4:33  Assimilator  
  61  4:39  Probe  
  61  4:42  Shield Battery  
  61  4:45  Probe x2  
  64  4:50  Robotics Bay  
  64  4:52  Probe (Chrono Boost), Pylon  
  65  4:57  Probe (Chrono Boost)  
  67  5:00  Probe (Chrono Boost)  
  67  5:01  Immortal (Chrono Boost)  
  73  5:09  Adept, Probe (Chrono Boost)  
  73  5:10  Probe (Chrono Boost)  
  73  5:12  Probe (Chrono Boost)  
  73  5:13  Probe (Chrono Boost)  
  76  5:16  Probe (Chrono Boost)  
  76  5:17  Adept  
  76  5:19  Pylon  
  81  5:21  Probe  
  81  5:23  Pylon, Probe  
  81  5:28  Probe  
  83  5:33  Probe  
  84  5:35  Colossus (Chrono Boost)  
  84  5:38  Probe  
  84  5:40  Probe  
  84  5:42  Forge  
  92  5:43  Twilight Council  
  92  5:45  Probe  
  93  5:50  Probe  
  93  5:52  Probe  
  93  5:56  Gateway  
  95  5:57  Extended Thermal Lance (Chrono Boost), Gateway  
  95  6:05  Nexus  
  95  6:06  Pylon  
  95  6:09  Probe  
  95  6:11  Probe  
  97  6:12  Probe  
  98  6:22  Colossus (Chrono Boost)  
  98  6:23  Zealot, Protoss Ground Weapons Level 1, Stalker  
  98  6:24  Probe  
  105  6:33  Probe  
  105  6:34  Charge (Chrono Boost)  
  105  6:36  Gateway  
  105  6:38  Gateway  
  105  6:39  Photon Cannon  
  106  6:43  Probe x2  
  108  6:54  Phoenix  
  108  6:55  Zealot x3  
  108  6:56  Pylon  
  108  6:58  Pylon  
  108  7:01  Shield Battery  
  116  7:03  Gateway  
  116  7:05  Gateway  
  116  7:10  Probe  
  116  7:13  Colossus (Chrono Boost)  
  116  7:15  Pylon  
  123  7:20  Zealot x3  
  123  7:21  Zealot  
  129  7:29  Probe  
  121  7:32  Probe x3  
  122  7:38  Zealot x3  
  122  7:39  Zealot x3  
  122  7:42  Probe  
  127  7:44  Probe x3  
  116  7:54  Probe  
  116  7:58  Zealot x2  
  116  7:59  Zealot x5  
  116  8:00  Phoenix (Chrono Boost)  
  116  8:01  Probe, Colossus (Chrono Boost)  
  128  8:10  Zealot  
  123  8:12  Probe  
  123  8:19  Zealot x7  
  135  8:23  Protoss Ground Weapons Level 2 (Chrono Boost)  
  133  8:30  Probe  
  133  8:31  Probe  
  123  8:34  Zealot  
  123  8:38  Probe  
  123  8:40  Zealot x7  
  130  8:45  Observer (Chrono Boost)  
  129  8:49  Pylon  
  129  8:50  Probe  
  129  8:51  Shield Battery  
  130  8:57  Probe  
  130  9:00  Sentry, Stalker x4, Forge  
  130  9:01  Zealot  
  130  9:15  Zealot x2  
  134  9:24  Photon Cannon  
  134  9:27  Stalker x5  
  142  9:37  Probe  
  142  9:38  Probe  
  144  9:42  Probe  
  144  9:43  Probe  
  144  9:44  Protoss Ground Armor Level 1 (Chrono Boost)  
  144  9:45  Stalker x2  
  147  9:49  Observer (Chrono Boost)  
  148  9:54  Stalker x2  
  148  9:55  Stalker  
  148  9:59  Pylon  
  144  10:14  Blink  
  144  10:16  Pylon  
  144  10:20  Shield Battery  
  144  10:21  Pylon  
  142  10:23  Pylon x2  
  140  10:36  Probe  
  140  10:38  Photon Cannon  
  140  10:39  Probe x3  
  140  10:41  Pylon  
  143  10:46  Pylon  
  143  10:48  Probe  
  143  10:49  Zealot x7  
  154  10:51  Observer (Chrono Boost), Probe x2  
  149  11:00  Stalker  
  149  11:01  Probe  
  139  11:04  Observer (Chrono Boost)  
  139  11:06  Probe  
  139  11:08  Probe  
  137  11:12  Stalker  
  137  11:13  Zealot x2, Stalker  
  137  11:14  Probe  
  131  11:27  Probe (Chrono Boost)  
  131  11:29  Probe (Chrono Boost)  
  131  11:32  Probe (Chrono Boost)  
  128  11:43  Stalker x5  
  128  11:47  Probe (Chrono Boost)  
  139  11:49  Probe (Chrono Boost)  
  139  11:50  Probe (Chrono Boost)  
  140  11:55  Probe (Chrono Boost)  
  140  11:59  Zealot x3  
  146  12:06  Zealot x4  
  150  12:20  Probe  
  150  12:22  Robotics Bay  
  145  12:26  Zealot x2  
  137  12:34  Zealot x5  
  137  12:36  Stalker  
Show
View Real Time Build Order
Export as new Build Order

HeroMarine Terran - Winner!

Build Orders: Reaper Expand 

Get SALT Encoding   

  12  0:00  SCV  
  13  0:12  SCV  
  14  0:17  Supply Depot  
  14  0:24  SCV  
  15  0:38  SCV  
  15  0:39  Barracks  
  16  0:43  Refinery  
  16  0:50  SCV  
  17  1:02  SCV  
  18  1:14  SCV  
  19  1:26  Reaper  
  19  1:27  Orbital Command  
  20  1:37  Command Center  
  20  1:47  Supply Depot  
  20  1:52  SCV  
  21  1:58  Barracks Reactor  
  21  2:04  SCV  
  22  2:15  Command Center  
  22  2:17  SCV  
  23  2:29  SCV  
  24  2:34  Marine  
  24  2:35  Barracks, Marine  
  26  2:42  SCV  
  27  2:50  Orbital Command  
  27  2:53  Marine x2  
  27  2:54  SCV  
  30  3:03  Barracks  
  30  3:06  SCV  
  30  3:11  Marine x2  
  33  3:16  SCV  
  33  3:18  SCV  
  35  3:22  Barracks Tech Lab  
  36  3:28  SCV  
  36  3:29  Orbital Command, Marine x2  
  36  3:30  SCV  
  38  3:40  Stimpack, SCV, Marine  
  40  3:47  SCV, Marine x2, Engineering Bay  
  43  3:50  Barracks Tech Lab  
  43  3:52  SCV  
  43  3:55  SCV  
  45  3:58  Marine  
  45  3:59  SCV  
  47  4:03  Supply Depot  
  47  4:04  Marine  
  47  4:05  Marine, SCV  
  47  4:08  SCV  
  50  4:11  SCV  
  50  4:13  Combat Shield, Missile Turret, Marine  
  50  4:16  Marine  
  50  4:17  Missile Turret, SCV  
  54  4:20  SCV  
  54  4:22  Marine x2  
  54  4:23  SCV  
  57  4:29  SCV  
  57  4:30  Marine, Refinery  
  59  4:32  Refinery  
  59  4:34  Factory, Marine  
  59  4:37  SCV  
  59  4:38  SCV  
  62  4:40  Marine, Refinery  
  62  4:41  Marine, SCV  
  65  4:48  Marine  
  65  4:49  SCV  
  65  4:51  Marine  
  65  4:52  Terran Infantry Weapons Level 1  
  68  4:53  Supply Depot, SCV  
  69  5:01  Supply Depot  
  69  5:06  Orbital Command  
  69  5:08  Barracks  
  69  5:10  Barracks  
  69  5:12  Supply Depot  
  69  5:15  SCV x2, Marine x4  
  74  5:22  Factory Reactor  
  74  5:23  Missile Turret, Starport  
  74  5:26  Supply Depot  
  74  5:27  SCV x2  
  76  5:32  Marine x4, SCV  
  80  5:39  SCV x2  
  80  5:40  Supply Depot  
  81  5:45  SCV  
  81  5:49  Concussive Shells  
  82  5:51  Marine x2, Marauder x2, SCV x2  
  91  5:57  SCV  
  91  5:58  Barracks Reactor, Barracks Tech Lab  
  91  6:03  SCV x2, Refinery x2  
  93  6:06  Factory Reactor  
  93  6:07  Medivac x2  
  93  6:09  SCV  
  98  6:12  Supply Depot  
  98  6:13  Marauder  
  98  6:14  Marine x2  
  98  6:15  SCV x2  
  104  6:20  Marauder  
  104  6:21  SCV  
  104  6:22  Marauder  
  108  6:28  SCV x2  
  108  6:32  Marine x2  
  104  6:33  SCV  
  104  6:36  Marauder, Marine x2  
  104  6:39  Medivac x2  
  112  6:41  Marauder  
  112  6:43  Marine  
  112  6:46  Terran Infantry Armor Level 1  
  111  6:55  Marine x3  
  111  6:58  Marauder  
  116  7:02  Supply Depot  
  116  7:03  Supply Depot  
  116  7:08  Command Center  
  116  7:10  Medivac x2  
  116  7:11  Armory, Widow Mine x2, Ghost Academy  
  116  7:14  Engineering Bay  
  124  7:17  Marauder  
  125  7:24  Marauder x2, Marine  
  130  7:36  Widow Mine  
  132  7:38  Marauder  
  132  7:39  Marine  
  132  7:40  Marine  
  124  7:45  SCV x3  
  124  7:46  Marauder x2  
  124  7:49  Marine x2  
  125  7:55  Widow Mine, Medivac x2  
  125  7:57  Widow Mine, Marine x2  
  135  8:00  Marauder  
  135  8:02  Terran Infantry Weapons Level 2  
  137  8:07  Marine x2, Marauder x2  
  141  8:18  Barracks x3  
  140  8:20  Widow Mine  
  140  8:21  Marauder  
  140  8:28  Marauder x2  
  140  8:29  Widow Mine  
  140  8:33  SCV x3  
  147  8:38  Medivac x2  
  136  8:42  Marine, Marauder  
  136  8:43  Marine x2  
  136  8:45  Marine  
  136  8:46  Widow Mine  
  144  8:50  Marauder  
  144  8:51  Widow Mine  
  144  8:52  SCV x2  
  144  8:54  SCV  
  151  8:57  Terran Infantry Armor Level 2  
  145  9:03  SCV  
  145  9:07  Medivac  
  145  9:08  Medivac  
  146  9:13  Widow Mine, Marauder x2  
  146  9:14  Widow Mine  
  146  9:15  Barracks Reactor, Barracks Tech Lab  
  146  9:16  Barracks Tech Lab  
  154  9:17  Planetary Fortress  
  154  9:19  Marine x3  
  154  9:20  Marine  
  154  9:22  Marauder  
  146  9:29  Terran Ship Weapons Level 1  
  142  9:34  Marauder, Marine  
  142  9:35  Widow Mine, Starport  
  142  9:37  Medivac x2, Marine  
  150  9:40  Marauder  
  150  9:41  Marine x2  
  150  9:43  Widow Mine  
  156  9:48  Marauder x2, Marine  
  156  9:51  Ghost  
  156  9:52  Refinery  
  163  9:53  Marine, Refinery  
  163  9:57  Ghost  
  164  10:02  Supply Depot x2  
  164  10:03  Supply Depot  
  164  10:05  Supply Depot, SCV x2  
  164  10:11  Missile Turret  
  164  10:12  Command Center  
  164  10:16  Ghost  
  164  10:23  Ghost x3, SCV x2  
  164  10:24  Marine  
  164  10:27  Command Center  
  173  10:30  Supply Depot  
  171  10:40  Viking x3  
  171  10:42  Viking, Marine x4  
  180  10:43  Marine x2  
  180  10:46  Marauder x2  
  187  10:52  Marauder x3  
  174  11:05  Marine x2  
  174  11:06  Marine  
  174  11:07  Marauder x2  
  174  11:10  Viking x2  
  183  11:13  Marauder x2  
  183  11:15  Marine  
  177  11:20  Medivac  
  177  11:23  Medivac  
  177  11:24  Marauder  
  177  11:27  Marine x3  
  177  11:28  Ghost, Marine  
  177  11:29  Marine, Marauder  
  181  11:33  Marine  
  181  11:34  Marine x2  
  182  11:41  Orbital Command  
  182  11:45  Marine  
  182  11:46  Viking x2, Marauder  
  187  11:47  Marine x2  
  187  11:50  Marauder  
  187  11:51  Planetary Fortress, Missile Turret  
  187  11:52  Ghost  
  193  11:54  SCV  
  193  11:55  SCV x2  
  193  11:56  SCV  
  193  11:58  Marauder  
  193  12:00  Marine  
  200  12:01  Unknown  
Tags
 
Add a new tag
Caveats
  • Supply blocks, unpowered buildings, or Contaminate may cause inaccurate times.
  • Supply counts are checked every 10 seconds.